[Event "Nové Hrady - Rapid A"]
[Site "Nové Hrady, Czech Republic"]
[Date "2024.08.10"]
[Round "4.5"]
[White "Valiyev, Adil"]
[Black "Rausch, Rudolf"]
[Result "1/2-1/2"]
[TimeControl "2x15min+5s"]
[WhiteFideId "23752246"]
[BlackFideId "1639455"]
[WhiteElo "1469"]
[BlackElo "1838"]

1. e4 g6 2. d4 d6 3. Nf3 Bg7 4. Nc3 Nc6 5. Bb5 Bd7 6. O-O a6 7. Bxc6 Bxc6 8. d5 Bd7 9. Be3 Nf6 10. Qd2 O-O 11. Bh6 e5 12. Bxg7 Kxg7 13. Rad1 Bg4 14. Qe3 Nh5 15. h3 Bd7 16. Ne2 Bb5 17. b3 Nf4 18. c4 Nxe2+ 19. Qxe2 Bd7 20.
Rd3 b6 21. Nh2 h5 22. f4 exf4 23.
Rxf4 Qe7 24. Rdf3 f5 25. Qb2+ Qe5 26. Qf2 Qa1+ 27. Nf1 b5 28. exf5 Bxf5 29. Kh2 Rf7 30. Ng3 Raf8 31. Nxf5+ Rxf5 32. Rxf5 Rxf5 33. Rxf5 gxf5 34. cxb5 axb5 35. Qxf5 Qxa2 36. Qd7+ Kf6 37. Qxb5 Qc2 38. Qc4 Qb2 39. Kg1 Qa1+ 40. Kh2 Qe5+ 41. Kg1 Qa1+ 42.
Kh2 Qe5+ 43. Kg1 1/2-1/2

[Event "Nové Hrady - Rapid A"]
[Site "Nové Hrady, Czech Republic"]
[Date "2024.08.10"]
[Round "4.6"]
[White "Rendl, Luboš"]
[Black "Polanský, Matěj"]
[Result "1-0"]
[TimeControl "2x15min+5s"]
[WhiteFideId "23750197"]
[BlackFideId "23741872"]
[WhiteElo "1848"]
[BlackElo "1520"]

1. e4 e5 2. Nf3 Nc6 3. Bb5 Nf6 4. O-O a6 5. Bxc6 dxc6 6. Nxe5 Nxe4 7. Qe2 f6 8. Nxc6 bxc6 9. Qxe4+ Be7 10.
Qxc6+ Bd7 11. Qc4 Qc8 12. Nc3 Be6 13.
Qe2 O-O 14. Re1 Kf7 15. d4 Re8 16. Be3 Rb8 17. d5 Bf5 18. b3 Bb4 19. Qc4 Bd6 20. Bc5 Qd7 21. Bxd6 cxd6 22. Ne4 a5 23.
c3 Rbc8 24. Qd4 Bxe4 25. Rxe4 Rxe4 26. Qxe4 Rxc3 27. Qxh7 Qc8 28. Qh5+ Kg8 29. Qd1 Rc5 30. Qd2 Qf5 31. Rd1 Rc2 32.
Qe1 Rxa2 33. h3 Kf8 34. Rc1 Rc2 35. Rd1 Rc5 36. Qd2 Rc2 37. Qe3 Rc5 38. Re1 Kg8 39. Qe6+ Qxe6 40. dxe6 Kf8 41. e7+ Ke8 42. Re6 Re5 43. Rxd6 Kxe7 44. Ra6 Rb5 45. Ra7+ Kf8 46. Kh2 Rxb3 47.
Rxa5 Rb2 48. f3 Kf7 49. Kg3 Kg6 50. h4 Re2 51. Kh3 Kh6 52.
g4 Re1 53. Kg3 Re3 54. Kf4 Rb3 55. Ra8 Rb4+ 56. Kg3 Kg6 57. h5+ Kf7 58. Ra7+ Ke6 59. Rxg7 Rb1 60. h6 Rg1+ 61. h7 Ra1 62. Rg8 Rg1+ 63. h8=Q Rd1 64. Kf2 Kd7 65. Rd8+ Kc6 66. Rxd1 Kc5 67. Qc8+ Kb6 68. Rb1+ Ka7 69. Qb7# 1-0

[Event "Nové Hrady - Rapid A"]
[Site "Nové Hrady, Czech Republic"]
[Date "2024.08.10"]
[Round "5.1"]
[White "Hák, David"]
[Black "Steinbauer, Sebastián"]
[Result "1-0"]
[TimeControl "2x15min+5s"]
[WhiteFideId "377007"]
[BlackFideId "399272"]
[WhiteElo "2192"]
[BlackElo "2018"]

1. e4 e5 2. Nf3 Nf6 3. Nxe5 d6 4. Nf3 Nxe4 5.
Nc3 Nxc3 6. dxc3 Nc6 7. Be3 Be7 8. Qd2 Be6 9. Bd3 Qd7 10. h4 Ne5 11. Nd4 Nc4 12. Bxc4 Bxc4 13.
b3 Ba6 14. O-O-O O-O-O 15. Bg5 Rde8 16. Rhe1 h6 17. Rxe7 Rxe7 18. Bxe7 Qxe7 19. Re1 Qxh4 20. Nf5 Qf6 21. Ne7+ Kd8 22. Qe3 Qe6 23. Qd2 Qf6 24. Nd5 Qg5 25.
f4 Qh4 26. c4 b6 27. g3 Qxg3 28. Nxc7 Kxc7 29. Re7+ Kc8 30. Qxd6 Qg1+ 31. Kb2 Qc5 32. Qd7+ Kb8 33. Qxa7+ Kc8 34.
Qa8# 1-0

[Event "Nové Hrady - Rapid A"]
[Site "Nové Hrady, Czech Republic"]
[Date "2024.08.10"]
[Round "5.2"]
[White "Prinz, Hubert"]
[Black "Garabik, Marek"]
[Result "0-1"]
[TimeControl "2x15min+5s"]
[WhiteFideId "1639447"]
[BlackFideId "23717742"]
[WhiteElo "1986"]
[BlackElo "1933"]

1. d4 e6 2. Nf3 d5 3.
e3 Nf6 4. Bd3 Bd6 5. Nbd2 O-O 6. O-O c6 7. c3 Nbd7 8. e4 dxe4 9. Nxe4 Nxe4 10. Bxe4 Nf6 11. Bc2 b6 12. Bg5 Bb7 13. Qd3 g6 14. h4 Be7 15. Bxf6 Bxf6 16. h5 Qd5 17. hxg6 hxg6 18.
Qe4 Qh5 19. Qf4 Kg7 20. Qh2 Rh8 21. Qxh5 Rxh5 22. Rfe1 Rah8 23. Kf1 Ba6+ 24. Re2 Rh1+ 25. Ng1 Rxg1+ 26. Kxg1 Bxe2 27. Be4 c5 28. dxc5 bxc5 29. Rc1 Be5 30. g3 Ba6 31. b3 Rb8 32. f4 Bf6 33. c4 Bb7 34.
Bg2 Bd4+ 35. Kf1 Bxg2+ 36. Kxg2 e5 37. Kf3 exf4 38.
gxf4 Re8 39. Rd1 Re3+ 40. Kg2 Re2+ 41. Kf3 Rxa2 42. b4 Ra3+ 43. Ke4 Ra4 44. bxc5 Bxc5 45. Kd5 Bf8 46. Rc1 Ra5+ 47. Kd4 Bc5+ 48. Ke4 f5+ 49. Kd3 Ra3+ 50. Kc3 0-1

[Event "Nové Hrady - Rapid A"]
[Site "Nové Hrady, Czech Republic"]
[Date "2024.08.10"]
[Round "5.3"]
[White "Dudarec, Elias"]
[Black "Rausch, Rudolf"]
[Result "1/2-1/2"]
[TimeControl "2x15min+5s"]
[WhiteFideId "23714930"]
[BlackFideId "1639455"]
[WhiteElo "1588"]
[BlackElo "1838"]

1. e4 d6 2. d4 g6 3. Nc3 Bg7 4. Be3 Nd7 5. Be2 Ngf6 6. Qd2 O-O 7. Bh6 e5 8. Bxg7 Kxg7 9. d5 a6 10. h4 h5 11. Nf3 Nc5 12. Ng5 Nh7 13. Nxh7 Kxh7 14. g4 Bxg4 15. Bxg4 hxg4 16. h5 g5 17.
O-O-O Qf6 18. b4 Nd7 19. Ne2 Kh6 20. Rdg1 Qf3 21. Ng3 f6 22. Nf5+ Kh7 23. Qe3 Nb6 24. Qxf3 gxf3 25. Rh3 Nc4 26. Rxf3 b5 27. Rc3 a5 28.
bxa5 Rxa5 29. Kb1 Rf7 30. f3 Ra4 31. Rd1 Rf8 32. Ne3 Rfa8 33. Nxc4 bxc4 34. Kc1 R8a7 35. a3 Kh6 36. Kb2 Kxh5 37.
Rh1+ Kg6 38. Rh8 Rb7+ 39. Kc1 Kg7 40.
Rd8 Kf7 41. Rd7+ Ke8 42. Rh7 Rba7 43. Kb2 Rb7+ 44. Ka2 Rba7 45. Kb2 Rb7+ 46. Ka2 Kf8 47. Rd7 Ke8 48. Rh7 Kf8 49. Re3 Ra6 50. Rc3 Rab6 51. a4 Rb2+ 52. Ka3 Rb1 53. Ka2 R1b2+ 54. Ka3 Rb1 55. Ka2 R7b2+ 56. Ka3 Rb7 57. Ka2 R1b4 58.
Ka3 Rb1 59. Ka2 R1b2+ 60. Ka3 Rb1 61.
Ka2 R1b2+ 62. Ka1 R2b4 63. Ka2 Rb1 64. Ra3 R7b2# 1/2-1/2

[Event "Nové Hrady - Rapid A"]
[Site "Nové Hrady, Czech Republic"]
[Date "2024.08.10"]
[Round "5.5"]
[White "Borecký, Andrej"]
[Black "Černý, Zbyšek"]
[Result "1-0"]
[TimeControl "2x15min+5s"]
[WhiteFideId "23752670"]
[BlackFideId "23739380"]
[WhiteElo "1618"]
[BlackElo "1560"]

1. e4 e5 2. Nf3 Nc6 3. Bc4 Nf6 4. d3 Bc5 5. O-O O-O 6. c3 d6 7. Re1 Bg4 8. Nbd2 h6 9. h3 Bh5 10.
g4 Bg6 11. Nf1 Na5 12. Bb3 Nxb3 13. Qxb3 Bb6 14. Ne3 Nd7 15. Qc2 c6 16. Nf5 Qf6 17. Be3 Bxf5 18. exf5 h5 19. Bg5 Qd8 1-0

[Event "Nové Hrady - Rapid A"]
[Site "Nové Hrady, Czech Republic"]
[Date "2024.08.10"]
[Round "5.8"]
[White "Vondruška, Leoš"]
[Black "Valiyev, Adil"]
[Result "0-1"]
[TimeControl "2x15min+5s"]
[WhiteFideId "23730099"]
[BlackFideId "23752246"]
[WhiteElo "1506"]
[BlackElo "1469"]

1. e4 e5 2. Nf3 Nc6 3. Bc4 Nf6 4.
d3 Bc5 5. h3 d6 6. c3 O-O 7. b4 Bb6 8. a4 a5 9. b5 Ne7 10. Bg5 Ng6 11. Nbd2 h6 12. Bxf6 Qxf6 13. Bd5 Ne7 14.
Bc4 Be6 15. Qb3 Ng6 16. Qd1 Rad8 17. Bxe6 fxe6 18. O-O d5 19. d4 exd4 20. exd5 dxc3 21. Ne4 Qf5 22. Nxc3 exd5 23. Qb3 Qf7 24. Rad1 Nf4 25. Rd2 Nxh3+ 26. Kh2 Nf4 27. g3 Qh5+ 28. Nh4 Kh8 29. Kg1 Ne6 30. Nxd5 Nc5 31. Qc4 c6 32. Nf4 Qg5 33. Nhg6+ Kh7 34.
Nxf8+ Rxf8 35. Qc2+ Kg8 36.
Rfd1 Rxf4 37. Kf1 Rf8 38. Qc4+ Kh8 39.
Qc2 Qxg3 40. Rd3 Nxd3 41. Rxd3 Rxf2+ 42. Ke1 Qg1# 0-1

[Event "Nové Hrady - Rapid A"]
[Site "Nové Hrady, Czech Republic"]
[Date "2024.08.10"]
[Round "6.1"]
[White "Dudarec, Elias"]
[Black "Hák, David"]
[Result "1-0"]
[TimeControl "2x15min+5s"]
[WhiteFideId "23714930"]
[BlackFideId "377007"]
[WhiteElo "1588"]
[BlackElo "2192"]

1. e4 c5 2. b4 cxb4 3. a3 d5 4. exd5 Qxd5 5. Nf3 Bg4 6. axb4 Nc6 7. Nc3 Qe6+ 8. Qe2 Bxf3 9.
Qxe6 fxe6 10. gxf3 Nxb4 11. Rb1 Nxc2+ 12. Kd1 Nd4 13. Rxb7 Nf6 14.
Bh3 g6 15. Ba3 Nd5 16. Nxd5 exd5 17. Re1 Nxf3 18. Re3 Ng5 19. Bxe7 d4 20. Re2 Bxe7 21.
Rexe7+ Kf8 22. Bg2 Rd8 23. h4 h6 24. hxg5 hxg5 25. Rf7+ Kg8 26. Rg7+ Kf8 27. Rbf7+ 1-0

[Event "Nové Hrady - Rapid A"]
[Site "Nové Hrady, Czech Republic"]
[Date "2024.08.10"]
[Round "6.2"]
[White "Steinbauer, Sebastián"]
[Black "Garabik, Marek"]
[Result "1/2-1/2"]
[TimeControl "2x15min+5s"]
[WhiteFideId "399272"]
[BlackFideId "23717742"]
[WhiteElo "2018"]
[BlackElo "1933"]

1. e4 e6 2. d4 d5 3. exd5 exd5 4. Bd3 Nf6 5. Nf3 Bd6 6. O-O O-O 7. Bg5 c6 8. c3 Bg4 9. Nbd2 Nbd7 10. Qc2 Qc7 11. Bh4 Bh5 12. Bg3 Bg6 13. Bxg6 hxg6 14. Bxd6 Qxd6 15. Rfe1 Rfe8 16. a4 b6 17.
b4 a6 18. Rab1 Rac8 19. Qd3 b5 20. axb5 axb5 21. Ra1 Rxe1+ 22. Nxe1 Nb6 23. Nef3 Nfd7 24. Re1 Nf6 25. Ne5 Nbd7 26.
Qh3 Re8 27. Ndf3 Qc7 28. Re3 Nxe5 29. Nxe5 Ra8 30. Re1 Ra3 31. Rc1 Ne4 32. Qe3 Nf6 33. f3 Nd7 34. f4 Nxe5 35. fxe5 Qe7 36.
Qf4 Qe6 37. g4 Qd7 38. h4 Ra2 39. Rf1 Rc2 40. Qf3 Qe7 41. Qg3 f6 42. exf6 gxf6 43. h5 Qe4 44. Rxf6 Rc1+ 45. Rf1 Rxf1+ 46. Kxf1 Qb1+ 47. Kg2 Qc2+ 48. Kh3 Kg7 49. Qe5+ Kh7 50.
Qe7+ Kh6 51. Qf8+ Kg5 52. Qe7+ Kh6 53. Qe3+ Kg7 54. Qe5+ Kh6 55. Qf4+ Kg7 56. Qe5+ Kh6 57. Qe3+ Kg7 58. h6+ Kh7 59. g5 Qf5+ 60. Kg3 Qd7 61. Qe5 Qf7 62. Qd6 Qb7 63. Qe5 Qf7 64. Qg7+ Qxg7 65. hxg7 Kxg7 66. Kf4 Kf7 67. Kf3 Ke7 68. Kg3 Ke6 69. Kg4 Kd6 70. Kf3 Ke6 71. Kg4 1/2-1/2

[Event "Nové Hrady - Rapid A"]
[Site "Nové Hrady, Czech Republic"]
[Date "2024.08.10"]
[Round "6.4"]
[White "Rausch, Rudolf"]
[Black "Borecký, Andrej"]
[Result "1-0"]
[TimeControl "2x15min+5s"]
[WhiteFideId "1639455"]
[BlackFideId "23752670"]
[WhiteElo "1838"]
[BlackElo "1618"]

1. d4 Nf6 2. c4 c5 3. e3 g6 4. Nc3 Bg7 5. Nf3 O-O 6. Be2 d6 7. O-O e6 8. Rb1 b6 9. Nd2 Bb7 10.
Bf3 d5 11. cxd5 exd5 12. dxc5 bxc5 13. Qb3 Qd7 14. a3 Rd8 15. Qc2 Nc6 16. b4 c4 17. Ne2 Ne5 18. Nd4 Nxf3+ 19.
N2xf3 Ne4 20. Bb2 a5 21. b5 a4 22. Bc1 Nc5 23. Bd2 Nb3 24. Bc3 Rab8 25. h3 Bc8 26. Nc6 Rxb5 27. Nxd8 Qxd8 28. Bxg7 Kxg7 29. Qc3+ Kg8 30.
Rfd1 Bf5 31. Rb2 Be4 32. Nd2 Bf5 33. Nxb3 axb3 34. Qxc4 Ra5 35. Qxb3 Qg5 36. Qb8+ Kg7 37. Qe5+ Ra6 38.
g3+ Rf6 39. h4 Qh6 40. Rxd5 Bg4 1-0

[Event "Nové Hrady - Rapid A"]
[Site "Nové Hrady, Czech Republic"]
[Date "2024.08.10"]
[Round "6.5"]
[White "Rendl, Luboš"]
[Black "Šebesta, Marek"]
[Result "1-0"]
[TimeControl "2x15min+5s"]
[WhiteFideId "23750197"]
[BlackFideId "23765119"]
[WhiteElo "1848"]
[BlackElo "1707"]

1. e4 e5 2. Nf3 Nc6 3. Bb5 a6 4. Ba4 Nf6 5. O-O b5 6.
Bb3 Bc5 7. Re1 O-O 8. c3 d6 9.
d4 exd4 10. cxd4 Bb4 11. Bd2 Bxd2 12. Qxd2 Re8 13. Bc2 Bg4 14. Qc3 Ne7 15. Nbd2 Ng6 16. h3 Bxf3 17. Nxf3 c5 18. dxc5 dxc5 19.
Rad1 Qb6 20. e5 Nh5 21. Rd6 Qc7 22. Be4 Nxe5 23. Nxe5 Qxd6 24. Bxa8 Rxa8 25. Qf3 Rf8 26. Qxh5 Qd2 27. Qe2 Qd5 28. a3 Re8 29. Rd1 Qxe5 30. Qxe5 1-0

[Event "Nové Hrady - Rapid A"]
[Site "Nové Hrady, Czech Republic"]
[Date "2024.08.10"]
[Round "6.8"]
[White "Černý, Zbyšek"]
[Black "Brabcová, Nikola"]
[Result "0-1"]
[TimeControl "2x15min+5s"]
[WhiteFideId "23739380"]
[BlackFideId "23739371"]
[WhiteElo "1560"]
[BlackElo "1529"]

1. d4 Nf6 2. c4 g6 3.
Nc3 Bg7 4. Nf3 d6 5. e3 O-O 6. Bd3 e6 7. O-O Nc6 8. a3 e5 9. d5 Ne7 10. e4 Ne8 11. b4 f5 12. Bb2 f4 13. Rc1 Nf6 14. Bb1 h6 15.
Na4 g5 16. c5 Ng6 17. h3 g4 18. hxg4 Bxg4 19. cxd6 cxd6 20. Qd3 Nh5 21. Nh2 Qh4 22. Nxg4 Ng3 23. fxg3 fxg3 24. Rf3 Rxf3 25.
Qxf3 Rf8 26. Qe2 Rf4 27. Rc8+ Kh7 28. Rc7 Rxg4 29. Qd3 Qh2+ 30. Kf1 Qh1+ 31. Ke2 Nf4+ 32. Kd2 Nxd3 0-1

[Event "Nové Hrady - Rapid A"]
[Site "Nové Hrady, Czech Republic"]
[Date "2024.08.10"]
[Round "7.1"]
[White "Hák, David"]
[Black "Prinz, Hubert"]
[Result "1-0"]
[TimeControl "2x15min+5s"]
[WhiteFideId "377007"]
[BlackFideId "1639447"]
[WhiteElo "2192"]
[BlackElo "1986"]

1. d4 Nf6 2. c4 d5 3. cxd5 Nxd5 4. e4 Nb6 5. Nc3 c6 6. Nf3 Bg4 7. Be2 e6 8. O-O Be7 9. h3 Bh5 10. Be3 O-O 11. Qb3 N8d7 12.
Rfd1 Qc7 13. Rac1 Rac8 14. a4 a6 15. d5 Nc5 16. Bxc5 Bxc5 17. d6 Bxd6 18. Rxd6 Qxd6 19. Qxb6 Rc7 20. Rd1 Qe7 21. e5 Rd8 22. Rxd8+ Qxd8 23. Ne4 h6 24. Nd6 Qe7 25. Qc5 Bxf3 26.
Bxf3 f6 27. Bg4 f5 28. Be2 g6 29. Bc4 b5 30. Ba2 Kh7 31. a5 Qd7 32. Qb6 Qg7 33. Ne8 Qxe5 34. Qxc7+ 1-0

[Event "Nové Hrady - Rapid A"]
[Site "Nové Hrady, Czech Republic"]
[Date "2024.08.10"]
[Round "7.2"]
[White "Garabik, Marek"]
[Black "Dudarec, Elias"]
[Result "1-0"]
[TimeControl "2x15min+5s"]
[WhiteFideId "23717742"]
[BlackFideId "23714930"]
[WhiteElo "1933"]
[BlackElo "1588"]

1. e4 e6 2. d4 d5 3.
exd5 exd5 4. Nc3 Nf6 5. Bg5 c6 6.
Bd3 Bd6 7. Nge2 O-O 8. Qd2 b5 9.
O-O Bg4 10. f3 Bh5 11. Bf4 Bg6 12. Rae1 Bxf4 13. Nxf4 Bxd3 14. Nxd3 Nbd7 15. Ne5 Qc7 16. Re2 Rfe8 17. Rfe1 Re6 18. Nxd7 Qxd7 19. Rxe6 fxe6 20. Nd1 Qd6 21. Qe2 Re8 22. Nf2 Kf7 23.
Nd3 Nd7 24. Qe3 a5 25. c3 Kg8 26. g3 Re7 27. f4 Kf7 28. Ne5+ Nxe5 29. dxe5 Qc7 30. Qc5 Qa7 31. Qxa7 Rxa7 32.
Kf2 c5 33. Ke3 h5 34. h3 b4 35. g4 h4 36. f5 bxc3 37. bxc3 Rb7 38. Re2 Rb1 39. Rc2 Rh1 40. Kf4 Rxh3 41.
Kg5 Rh1 42. Rb2 h3 43. f6 gxf6+ 44. exf6 Rf1 1-0

[Event "Nové Hrady - Rapid A"]
[Site "Nové Hrady, Czech Republic"]
[Date "2024.08.10"]
[Round "7.3"]
[White "Rausch, Rudolf"]
[Black "Steinbauer, Sebastián"]
[Result "0-1"]
[TimeControl "2x15min+5s"]
[WhiteFideId "1639455"]
[BlackFideId "399272"]
[WhiteElo "1838"]
[BlackElo "2018"]

1. d4 g6 2. Nf3 Bg7 3.
c4 e6 4.
Nc3 Ne7 5. Bf4 c6 6. e3 O-O 7.
Be2 d5 8. cxd5 Nxd5 9. Nxd5 exd5 10.
O-O Bf5 11. h3 Nd7 12. Bd3 Be4 13. Bxe4 dxe4 14. Nd2 Re8 15. Rc1 Nb6 16. b3 Nd5 17. Bg3 Qg5 18. Nc4 Re6 19. Bh2 Nb4 20.
a3 Nd3 21. Rc2 Qd5 22. b4 b5 23. Nb2 Nxb2 24. Rxb2 a5 25. Rc2 axb4 26. axb4 Ra4 27. Rc5 Qd7 28. Qb3 Qb7 29. Rfc1 Bf8 30. d5 cxd5 31. Rxd5 Rxb4 32.
Qd1 Rc4 33. Rxc4 bxc4 34. Bg3 Rb6 35. Kh2 c3 36. Rd7 c2 37. Qd4 Qxd7 38. Qxd7 c1=Q 39. Qd8 Qc6 40. Bf4 Rb7 41. g3 Rd7 42. Qb8 Rd2 43. Bh6 Qd6 44. Qxd6 Bxd6 0-1

[Event "Nové Hrady - Rapid A"]
[Site "Nové Hrady, Czech Republic"]
[Date "2024.08.10"]
[Round "7.4"]
[White "Valiyev, Adil"]
[Black "Rendl, Luboš"]
[Result "0-1"]
[TimeControl "2x15min+5s"]
[WhiteFideId "23752246"]
[BlackFideId "23750197"]
[WhiteElo "1469"]
[BlackElo "1848"]

1. e4 c6 2. d4 d5 3. e5 c5 4.
c3 Nc6 5. Nf3 Bg4 6. Be2 e6 7. h3 Bf5 8. Qb3 Qb6 9. Qxb6 axb6 10. Be3 Bxb1 11. Rxb1 Rxa2 12. Bb5 c4 13. O-O Ra5 14. Bxc6+ bxc6 15. Ra1 Be7 16. Nd2 Nh6 17.
Bxh6 gxh6 18. b3 cxb3 19. Nxb3 Rb5 20. Nd2 O-O 21. Ra7 Re8 22. Rc7 c5 23. Ra1 c4 24. Raa7 Kf8 25. Rcb7 Rb2 26. Nf3 Rb3 27. Ra1 Rxc3 28. Rxb6 Rb3 29. Rxb3 cxb3 30. Rb1 Rb8 31. Kf1 b2 32.
Ke2 Ba3 33. Ne1 Rc8 34. Kd3 Rc1 35. Nc2 Rxb1 36. Nxa3 Ra1 37. Kc2 Rxa3 38. Kxb2 Rd3 39. Kc2 Rxd4 0-1

[Event "Nové Hrady - Rapid A"]
[Site "Nové Hrady, Czech Republic"]
[Date "2024.08.10"]
[Round "7.7"]
[White "Brabcová, Nikola"]
[Black "Junek, Petr"]
[Result "1/2-1/2"]
[TimeControl "2x15min+5s"]
[WhiteFideId "23739371"]
[BlackFideId "23739282"]
[WhiteElo "1529"]
[BlackElo "1762"]

1. e4 c5 2. Nf3 Nc6 3. d4 cxd4 4. Nxd4 Nf6 5. Nc3 e5 6. Ndb5 d6 7.
Bg5 a6 8. Na3 b5 9. Nab1 Be7 10. Nd2 Nd4 11. Nf3 Bg4 12.
Be2 Nxe2 13. Qxe2 O-O 14. h3 Be6 15. g4 Rc8 16. Nh4 Qb6 17. Nf5 Bd8 18. Qd2 Rxc3 19. bxc3 Nxe4 20. Bxd8 Rxd8 21.
Qe2 Nxc3 22. Qd3 Nxa2 23. h4 Nb4 24. Qd2 Bxf5 25. gxf5 Qc6 26. Rg1 Nxc2+ 27. Kf1 Nxa1 28. Qg5 Qc4+ 29. Kg2 Rc8 30. Kh1 Qe4+ 31.
Rg2 Rc1+ 32. Qxc1 Qxh4+ 33. Rh2 Qe4+ 34.
Kg1 Qg4+ 35. Rg2 Qxf5 36. Qxa1 Qc8 37. Qe1 g6 38. Qd2 f5 39. Qxd6 Qc1+ 40. Kh2 Qh6+ 41. Kg1 Qc1+ 42. Kh2 Qh6+ 43. Kg3 Qf4+ 44. Kh3 Qh6+ 45.
Kg3 Qf4+ 46. Kh3 Qh6+ 47. Kg3 Qf4+ 48. Kh3 Qh6+ 1/2-1/2